 Dungeon Crawl Stone Soup version 0.29.1-2-gbd0b4ee654 (webtiles) character file.

Game seed: 12842345597123366753

7823 FizzleBangTC the Thaumaturge (level 11, 102/102 HPs)
             Began as a Meteoran Earth Elementalist on Nov 20, 2022.
             Was a Follower of Kikubaaqudgha.
             Quit the game on level 10 of the Dungeon.
             The game lasted 00:43:19 (2397 turns).

FizzleBangTC the Thaumaturge (MeEE)                 Turns: 2397, Time: 00:43:20

Health: 102/102    AC:  6    Str: 13    XL:     11   Next: 71%
Magic:  28/28      EV: 17    Int: 23    God:    Kikubaaqudgha [*.....]
Gold:   372        SH:  0    Dex: 21    Spells: 13/34 levels left

rFire   . . .      SeeInvis .   a - +4 dagger (venom)
rCold   . . .      Faith    .   (no shield)
rNeg    . . .      Spirit   .   B - +0 steam dragon scales
rPois   +          Reflect  .   (no helmet)
rElec   .          Harm     .   m - +0 cloak
rCorr   +          Rampage  .   (no gloves)
Will    ++...                   (no boots)
Stlth   +.........              i - amulet of the Distant Future {Will+ Regen+}
HPRegen 1.07/turn               f - ring of wizardry {=R}
MPRegen 0.21/turn               h - ring of Midnight {Contam rPois rCorr Int+3 Dex+6}

@: glowing
A: sense surroundings 2, otherworldly, glowing, explore regen, strong 1,
MP-powered wands
a: Renounce Religion, Unearth Wretches


You were on level 10 of the Dungeon.
You worshipped Kikubaaqudgha.
Kikubaaqudgha was aware of your devotion.
You visited 2 branches of the dungeon, and saw 13 of its levels.
You also visited: Ossuary.

You collected 372 gold pieces.

Inventory:

Hand Weapons
 a - a +4 dagger of venom (weapon)
 c - a +2 dagger of speed
 y - a +1 whip of pain
 z - a +0 dagger
 D - a +4 great sword {@w1}
 J - a +2 short sword of distortion
Missiles
 K - 2 curare-tipped darts {=F =f !f}
Armour
 d - a +0 robe
 m - a +0 cloak (worn)
 B - +0 steam dragon scales (worn)
Jewellery
 f - a ring of wizardry (left hand) {=R}
 h - the ring of Midnight (right hand) {Contam rPois rCorr Int+3 Dex+6}
   (You acquired it on level 9 of the Dungeon)

   [ring of dexterity]

   Int:       It affects your intelligence (+3).
   Dex:       It affects your dexterity (+6).
   rPois:     It protects you from poison.
   Contam:    It causes magical contamination when unequipped.
   rCorr:     It protects you from acid and corrosion.
 i - the amulet of the Distant Future (around neck) {Will+ Regen+}
   (You acquired it on level 9 of the Dungeon)

   [amulet of regeneration]

   Regen:     It increases your rate of health regeneration.
   Will:      It increases your willpower.
 o - a ring of protection from cold
 q - a ring of poison resistance
 r - an amulet of reflection
Wands
 j - a wand of flame (18)
 G - a wand of charming (1)
Scrolls
 g - a scroll of poison
 l - a scroll of immolation
 n - 6 scrolls of teleportation
 p - a scroll of torment
 t - 2 scrolls of summoning
 v - a scroll of fog {unknown}
 w - a scroll of noise {unknown}
 x - a scroll of amnesia {unknown}
 C - a scroll of vulnerability
 F - a scroll of blinking {unknown}
 H - a scroll of fear {unknown}
Potions
 b - 2 potions of magic
 e - 4 potions of haste
 k - 2 potions of lignification
 s - 3 potions of mutation
 u - 3 potions of curing {@q1}
 A - 2 potions of might
 E - a potion of ambrosia
 I - a potion of heal wounds


   Skills:
 + Level 11.0 Fighting
 - Level 7.2 Dodging
 - Level 1.4 Stealth
 - Level 12.0 Spellcasting
 - Level 2.0 Conjurations
 - Level 5.0 Necromancy
 - Level 1.2 Transmutations
 - Level 7.0 Earth Magic
 - Level 3.4 Evocations


You had 13 spell levels left.
You knew the following spells:

 Your Spells              Type           Power      Damage    Failure   Level
a - Sandblast             Erth           92%        2d19      1%          1
b - Stone Arrow           Conj/Erth      68%        3d11      1%          3
c - Sublimation of Blood  Necr           36%        N/A       1%          2
d - Petrify               Tmut/Erth      32%        N/A       3%          4
e - Apportation           Tloc           26%        N/A       1%          1
f - Anguish               Hex/Necr       12%        N/A       6%          4
g - Animate Dead          Necr           36%        N/A       2%          4
z - Passwall              Tmut/Erth      26%        N/A       1%          2

Your spell library contained the following spells:

 Spells                   Type           Power      Damage    Failure   Level
 Necrotise                Necr           100%       1d9       1%          1
 Wereblood                Tmut           19%        N/A       1%          2
 Alistair's Intoxication  Tmut/Pois      10%        N/A       36%         5
 Summon Hydra             Summ           6%         N/A       100%        7


Dungeon Overview and Level Annotations

Branches:
Dungeon (12/15) Zot: 4892  Temple (1/1) D:4 Zot: 573     Orc (0/2) D:11
Ossuary (visited)
   Lair: D:8-11

Altars:
Dithmenos
Gozag
Hepliaklqana
Kikubaaqudgha
Zin


Innate Abilities, Weirdness & Mutations

You passively map the area around you.
You are easily found by Zot.
You glow in the dark.
You regain HP and MP as you explore.
Your muscles are strong. (Str +4, Int/Dex -1)
You expend magic power (3 MP) to strengthen your wands.


Message History

Aim: a two-headed ogre, wielding a +0 giant spiked club and a +0 giant club (chance to affect: 44%)
The two-headed ogre is moving more slowly.
Casting: Petrify (dangerous; 3% risk of failure)
Confirm with . or Enter, or press ? or * to list all spells.
Aiming: Stone Arrow (safe; 1% risk of failure)
Press: ? - help, Shift-Dir - straight line, f/p - two-headed ogre
Aim: a two-headed ogre, wielding a +0 giant spiked club and a +0 giant club (petrifying slowly, 100% to hit)
The stone arrow hits the two-headed ogre!!
The two-headed ogre is moderately wounded.
Casting: Stone Arrow (safe; 1% risk of failure)
Confirm with . or Enter, or press ? or * to list all spells.
Aiming: Stone Arrow (safe; 1% risk of failure)
Press: ? - help, Shift-Dir - straight line, f/p - two-headed ogre
Aim: a two-headed ogre, wielding a +0 giant spiked club and a +0 giant club (moderately wounded, petrifying slowly, 100% to hit)
The stone arrow hits the two-headed ogre!!
The two-headed ogre is heavily wounded.
Casting: Stone Arrow (safe; 1% risk of failure)
Confirm with . or Enter, or press ? or * to list all spells.
Aiming: Stone Arrow (safe; 1% risk of failure)
Press: ? - help, Shift-Dir - straight line, f/p - two-headed ogre
Aim: a two-headed ogre, wielding a +0 giant spiked club and a +0 giant club (heavily wounded, petrifying slowly, 100% to hit)
The stone arrow hits the two-headed ogre!
The two-headed ogre is severely wounded.
The two-headed ogre stops moving altogether!
Casting: Stone Arrow (safe; 1% risk of failure)
Confirm with . or Enter, or press ? or * to list all spells.
Aiming: Stone Arrow (safe; 1% risk of failure)
Press: ? - help, Shift-Dir - straight line, f/p - two-headed ogre
Aim: a two-headed ogre, wielding a +0 giant spiked club and a +0 giant club (severely wounded, petrified, 100% to hit)
The stone arrow hits the two-headed ogre!!
The two-headed ogre is almost dead.
Casting: Stone Arrow (safe; 1% risk of failure)
Confirm with . or Enter, or press ? or * to list all spells.
Aiming: Stone Arrow (safe; 1% risk of failure)
Press: ? - help, Shift-Dir - straight line, f/p - two-headed ogre
Aim: a two-headed ogre, wielding a +0 giant spiked club and a +0 giant club (almost dead, petrified, 100% to hit)
The stone arrow hits the two-headed ogre.
The two-headed ogre is almost dead.
Casting: Stone Arrow (safe; 1% risk of failure)
Confirm with . or Enter, or press ? or * to list all spells.
Aiming: Stone Arrow (safe; 1% risk of failure)
Press: ? - help, Shift-Dir - straight line, f/p - two-headed ogre
Aim: a two-headed ogre, wielding a +0 giant spiked club and a +0 giant club (almost dead, petrified, 100% to hit)
The stone arrow hits the two-headed ogre!
The two-headed ogre is almost dead.
Casting: Stone Arrow (safe; 1% risk of failure)
Confirm with . or Enter, or press ? or * to list all spells.
Aiming: Stone Arrow (safe; 1% risk of failure)
Press: ? - help, Shift-Dir - straight line, f/p - two-headed ogre
Aim: a two-headed ogre, wielding a +0 giant spiked club and a +0 giant club (almost dead, petrified, 100% to hit)
The stone arrow hits the two-headed ogre!!
You kill the two-headed ogre!
Kikubaaqudgha accepts your kill.
Your Fighting skill increases to level 11!
Press: ? - help, v - describe, . - travel, g - get item
Items here: a +0 giant spiked club; a +0 giant club; a two-headed ogre corpse.
The floor, spattered with blood.
Found 22 gold pieces.
Casting: Stone Arrow (safe; 1% risk of failure)
Confirm with . or Enter, or press ? or * to list all spells.
Aiming: Apportation (safe; 1% risk of failure)
Press: ? - help, Dir - move target Apport: a scroll labelled RIN RAEXKAKA Yoink!
You pull the item towards yourself.
Casting: Apportation (safe; 1% risk of failure)
Confirm with . or Enter, or press ? or * to list all spells.
Aiming: Apportation (safe; 1% risk of failure)
Press: ? - help, Dir - move target Apport: a potion of curing Yoink!
You pull the item towards yourself.
Casting: Apportation (safe; 1% risk of failure)
Confirm with . or Enter, or press ? or * to list all spells.
Aiming: Apportation (safe; 1% risk of failure)
Press: ? - help, Dir - move target Apport: 22 gold pieces Yoink!
You pull the items towards yourself.
C - 2 scrolls labelled RIN RAEXKAKA (gained 1)
u - 3 potions of curing {@q1} (gained 1)
You now have 372 gold pieces (gained 22).
Okay, then.
There is a stone staircase leading up here.
You climb upwards.
There is a stone staircase leading down here.
As you read the scroll labelled RIN RAEXKAKA, it crumbles to dust.
Magic quickly surges around you.
It was a scroll of vulnerability.
There is a stone staircase leading up here.
You climb upwards.
There is a stone staircase leading down here.
Unknown command.
Found a ring mail.
You feel your willpower return.
Casting: Apportation (safe; 1% risk of failure)
Confirm with . or Enter, or press ? or * to list all spells.
Aiming: Passwall (safe; 1% risk of failure)
Press: ? - help, Dir - move target A rock wall.
You begin to meditate on the wall.
You continue meditating on the rock. x3
You finish merging with the rock.
Unknown command.
Are you sure you want to abandon this character and quit the game? (Confirm with "yes".)

#....# * # ..
##....# * # *#.##
#<....# , , .# *..#
##....########.#
#.# #.....##......#
#..
#.....##....#######
#..
#.....##..#.......#
#.#
#####.......<####.#
#.# #####..@#####.#
#.# ##........# #.#
##.####### #####..
#.##########......
#.##.........#...#
#.##.####...######
#.##. ##^...#
#....* #..### #####
##..#,


There were no monsters in sight!

Vanquished Creatures
  A boulder beetle (D:11)
  A hydra (D:11)
  A two-headed ogre (D:12)
  Urug (D:11)
  Nergalle (D:11)
  Sonja (D:11)
  3 shadows
  2 wraiths
  2 wyverns
  4 yaks (D:10)
  A steam dragon (D:7)
  A water moccasin (D:7)
  2 sky beasts
  3 ice beasts
  An ogre (D:7)
  A centaur (D:11)
  A phantom (D:6)
  3 bullfrogs
  A water moccasin zombie (Ossuary)
  2 wights (D:8)
  3 howler monkeys
  5 killer bees (D:7)
  2 hounds
  5 orc priests
  2 jellies
  Jessica (D:2)
  3 iguanas
  9 orc wizards
  2 mummies (Ossuary)
  4 gnolls (D:6)
  7 adders
  3 shadow imps
  A white imp (D:6)
  An ufetubus (D:5)
  5 adder zombies (Ossuary)
  2 worms
  A dart slug (D:5)
  18 orcs
  4 endoplasms
  A giant cockroach (D:1)
  3 gnoll zombies (Ossuary)
  7 goblins
  A hobgoblin (D:1)
  2 ball pythons
  A bat (D:1)
  9 hobgoblin zombies (Ossuary)
  2 kobolds
  2 kobold zombies (Ossuary)
  6 orc zombies (Ossuary)
  3 rats
148 creatures vanquished.

Vanquished Creatures (collateral kills)
  A yak (D:10)
  2 wights (D:8)
  2 orc wizards (D:8)
  2 orcs (D:8)
7 creatures vanquished.

Vanquished Creatures (others)
  A yak (D:10)
1 creature vanquished.

Grand Total: 156 creatures vanquished

Notes
Turn   | Place    | Note
-------+----------+-------------------------------------------
     0 | D:1      | FizzleBangTC the Meteoran Earth Elementalist began the
                  | quest for the Orb.
     0 | D:1      | Reached XP level 1. HP: 14/14 MP: 5/5
    43 | D:1      | Reached XP level 2. HP: 20/20 MP: 1/6
    46 | D:1      | Learned a level 2 spell: Passwall
   180 | D:2      | Reached XP level 3. HP: 26/26 MP: 6/8
   184 | D:2      | Learned a level 3 spell: Stone Arrow
   239 | D:3      | Reached skill level 5 in Earth Magic
   304 | D:2      | Noticed Jessica
   306 | D:2      | Killed Jessica
   307 | D:2      | Reached XP level 4. HP: 33/33 MP: 6/9
   358 | D:4      | Reached XP level 5. HP: 28/38 MP: 4/10
   476 | D:4      | Reached skill level 1 in Conjurations
   476 | D:4      | Reached XP level 6. HP: 45/45 MP: 9/11
   486 | D:4      | Reached skill level 3 in Spellcasting
   494 | D:5      | Entered Level 5 of the Dungeon
   508 | D:5      | Reached skill level 4 in Spellcasting
   570 | D:7      | Noticed an ogre
   574 | D:7      | Killed an ogre
   575 | D:7      | Reached skill level 5 in Spellcasting
   575 | D:7      | Reached XP level 7. HP: 50/50 MP: 7/16
   586 | D:8      | Reached skill level 6 in Spellcasting
   616 | D:6      | Reached skill level 1 in Fighting
   703 | D:5      | Found a sand-covered staircase.
   712 | Ossuary  | Entered an ossuary
   781 | Ossuary  | Reached XP level 8. HP: 59/61 MP: 7/18
   983 | D:6      | Reached skill level 5 in Dodging
  1106 | D:8      | Noticed a wyvern
  1106 | D:8      | Noticed a steam dragon
  1111 | D:7      | Killed a steam dragon
  1112 | D:7      | Reached skill level 5 in Fighting
  1132 | D:7      | Gained mutation: You passively map the area around you.
                  | [Meteoran growth]
  1132 | D:7      | Reached XP level 9. HP: 31/74 MP: 15/19
  1135 | D:7      | Learned a level 2 spell: Sublimation of Blood
  1140 | D:7      | Learned a level 4 spell: Petrify
  1146 | D:7      | Noticed a hornet
  1191 | D:7      | Reached skill level 7 in Spellcasting
  1255 | D:7      | Reached skill level 8 in Spellcasting
  1264 | D:7      | HP: 12/75 [killer bee (8)]
  1271 | D:7      | HP: 15/75 [poisoned by a killer bee]
  1308 | D:7      | Reached skill level 9 in Spellcasting
  1408 | D:4      | Found a staircase to the Ecumenical Temple.
  1417 | Temple   | Entered the Ecumenical Temple
  1432 | Temple   | Became a worshipper of Kikubaaqudgha
  1449 | D:4      | Gained mutation: You expend magic power (3 MP) to
                  | strengthen your wands. [potion of mutation]
  1449 | D:4      | Gained mutation: You are robust. (+10% HP) [potion of
                  | mutation]
  1449 | D:4      | Lost mutation: You are robust. (+10% HP) [potion of
                  | mutation]
  1449 | D:4      | Gained mutation: Your muscles are strong. (Str +4, Int/Dex
                  | -1) [potion of mutation]
  1695 | D:8      | Reached skill level 10 in Spellcasting
  1698 | D:8      | Reached XP level 10. HP: 37/83 MP: 9/25
  1718 | D:8      | Learned a level 1 spell: Apportation
  1786 | D:8      | Reached skill level 11 in Spellcasting
  1799 | D:9      | Identified a scroll of acquirement
  1799 | D:9      | Acquired the ring of Midnight {Contam rPois rCorr Int+3
                  | Dex+6}
  1821 | D:9      | Found a shadowy altar of Dithmenos.
  1826 | D:9      | Found a glowing silver altar of Zin.
  1826 | D:9      | Found an opulent altar of Gozag.
  1827 | D:9      | Found a hazy altar of Hepliaklqana.
  1858 | D:9      | Acquired the amulet of the Distant Future {Will+ Regen+}
  1895 | D:10     | Entered Level 10 of the Dungeon
  1948 | D:10     | Reached skill level 12 in Spellcasting
  1971 | D:10     | Reached skill level 1 in Evocations
  1988 | D:10     | Reached * piety under Kikubaaqudgha
  1988 | D:10     | Received a gift from Kikubaaqudgha
  2075 | D:11     | Learned a level 4 spell: Anguish
  2080 | D:11     | Learned a level 4 spell: Animate Dead
  2092 | D:11     | Noticed an eight-headed hydra
  2097 | D:11     | Killed an eight-headed hydra
  2098 | D:11     | Reached XP level 11. HP: 77/92 MP: 9/28
  2101 | D:11     | Noticed a boulder beetle
  2132 | D:11     | Killed a boulder beetle
  2216 | D:11     | Noticed Urug
  2216 | D:11     | Noticed Sonja
  2223 | D:11     | Killed Urug
  2224 | D:11     | Reached skill level 5 in Necromancy
  2230 | D:11     | Killed Sonja
  2237 | D:11     | Noticed Nergalle
  2246 | D:11     | Killed Nergalle
  2247 | D:11     | Reached skill level 10 in Fighting
  2326 | D:11     | Found a staircase to the Orcish Mines.
  2333 | D:12     | Noticed a two-headed ogre
  2341 | D:12     | Killed a two-headed ogre
  2397 | D:10     | Quit the game

Illustrated notes

Levels and vault maps discovered:
D:1:      tarquinn_simple_flora_water_b, layout_loops_cross, minmay_tromino_v2
D:2:      layout_loops_ring, uniq_sigmund, uniq_jessica
D:3:      layout_rooms
D:4:      layout_layer_cave, minmay_temple_entry_fiery
D:5:      layout_loops_ring, grunt_qazlal_sundering,
          chequers_ossuary_entry_cave, eino_tiny_chamber, grunt_ministairs_5,
          roderic_roman_lattice, hangedman_decor_lopped
D:6:      layout_rooms, uniq_blork_the_orc
D:7:      layout_basic, serial_curves, eino_curves_02, eino_curves_01,
          grunt_tough_drop
D:8:      layout_loops_corners
D:9:      layout_basic, nicolae_overflows_in_rows, enter_bailey_4
D:10:     layout_basic, dreamdust_mushroom_princess, columned_hall_lemuel,
          minmay_between
D:11:     nicolae_cairo_tiling_very_big, layout_small_grid, erik_lair_dragon,
          uniq_urug, uniq_nergalle, uniq_sonja
D:12:     layout_rooms, portal_ice_cave_entry_imps
Temple:   bh_familiar_temple

Skill      XL: |  1  2  3  4  5  6  7  8  9 10 11 |
---------------+----------------------------------+-----
Earth Magic    | 4 5 6 7 |  7.0
Conjurations   | 1 2 |  2.0
Spellcasting   | 5 6 10 12 | 12.0
Fighting       | 2 5 6 7 11 | 11.0
Dodging        | 3 6 7 |  7.2
Evocations     | 3 |  3.4
Necromancy     | 2 5 |  5.0
Stealth        | |  1.4
Transmutations | |  1.2

Action                   |  1- 3 |  4- 6 |  7- 9 | 10-12 || total
-------------------------+-------+-------+-------+-------++-------
Melee: Unarmed           |     1 |       |       |       ||     1
       Dagger            |       |       |    27 |    17 ||    44
       Punch             |       |       |     1 |       ||     1
Throw: Dart              |       |       |       |     3 ||     3
 Cast: Sandblast         |    29 |    43 |   113 |    26 ||   211
       Passwall          |     7 |       |    11 |     9 ||    27
       Stone Arrow       |       |     3 |    30 |    42 ||    75
       Apportation       |       |       |       |    29 ||    29
       Petrify           |       |       |       |     5 ||     5
Evoke: Wand              |       |       |       |     4 ||     4
  Use: Scroll            |       |     5 |     4 |     7 ||    16
       Potion            |       |       |     6 |       ||     6
 Stab: Petrified         |       |       |       |     7 ||     7
       Petrifying        |       |       |       |     1 ||     1
Armor: Robe              |     2 |     3 |    16 |       ||    21
       Steam dragon scal |       |       |    22 |     4 ||    26
Dodge: Dodged            |     3 |     7 |    72 |    23 ||   105
Block: Other             |       |       |     4 |     2 ||     6

Table legend: (Time is in decaauts)
 A = Elapsed time spent in this place.
 B = Non-inter-level travel time spent in this place.
 C = Inter-level travel time spent in this place.
 D = Time resting spent in this place.
 E = Time spent auto-exploring this place.
 F = Levels seen in this place.
 G = Mean time per level.
                   A        B        C        D        E       F      G
               +--------+--------+--------+--------+--------+-----+--------+
         Total |   2499 |   2418 |     81 |      0 |      0 |  14 |  178.5 |
       Dungeon |   2307 |   2231 |     76 |      0 |      0 |  12 |  192.2 |
        Temple |     26 |     21 |      5 |      0 |      0 |   1 |   26.0 |
       Ossuary |    164 |    164 |      0 |      0 |      0 |   1 |  164.0 |
               +--------+--------+--------+--------+--------+-----+--------+

Top non-repeatable levels by time:
     D:7: 317 daAuts
     D:8: 316 daAuts
    D:11: 279 daAuts
     D:4: 261 daAuts
     D:6: 229 daAuts
    D:10: 203 daAuts
     D:1: 183 daAuts
     D:5: 178 daAuts
 Ossuary: 164 daAuts
     D:3: 118 daAuts
     D:9: 106 daAuts
     D:2: 89 daAuts
  Temple: 26 daAuts
    D:12: 23 daAuts

Table legend:
 A = Kills in this place as a percentage of kills in entire the game.
 B = Kills by you in this place as a percentage of kills by you in the entire game.
 C = Kills by friends in this place as a percentage of kills by friends in the entire game.
 D = Other kills in this place as a percentage of other kills in the entire game.
 E = Experience gained in this place as a percentage of experience gained in the entire game.
 F = Experience gained in this place divided by the number of levels of this place that you have seen.
                   A       B       C       D       E      F
               +-------+-------+-------+-------+-------+----------------------
         Total | 100.0 | 100.0 | 100.0 |   N/A | 100.0 | 798.3
       Dungeon |  81.9 |  81.1 | 100.0 |   N/A |  98.6 | 918.1
       Ossuary |  18.1 |  18.9 |   0.0 |   N/A |   1.4 | 159.0
               +-------+-------+-------+-------+-------+----------------------
